Workbook
Name Constr: '24718'!$A$1
Name FOT: '24718'!$D$17
Name Ind: '24718'!$G$9
Name Obj: '24718'!#REF!
Name Obosn: '24718'!$D$12
Name SmPr: '24718'!$D$13
Name аааааппппппрррппппппп: #REF!
Name аааааппппппрррппппппп: #REF!
Name аараооооооооооооо: #REF!
Name аараооооооооооооо: #REF!
Name автом: #REF!
Name автом: #REF!
Name алшрльоплварл: #REF!
Name алшрльоплварл: #REF!
Name аолвлддддддддддддддддввввввввв: #REF!
Name аолвлддддддддддддддддввввввввв: #REF!
Name апарв: #REF!
Name апарв: #REF!
Name апрлдджаоырыфрпопрлпрлпрлп: #REF!
Name апрлдджаоырыфрпопрлпрлпрлп: #REF!
Name арлггаджаш: #REF!
Name арлггаджаш: #REF!
Name ароррбллтблпроорапииас: #REF!
Name ароррбллтблпроорапииас: #REF!
Name арррррблллпдрлдддддддддд: #REF!
Name арррррблллпдрлдддддддддд: #REF!
Name варпаааааааааа: #REF!
Name варпаааааааааа: #REF!
Name ввпьььььлднд: #REF!
Name ввпьььььлднд: #REF!
Name вед: #REF!
Name вед: #REF!
Name вертикальная: #REF!
Name вертикальная: #REF!
Name вертикплан: #REF!
Name вертикплан: #REF!
Name волен: #REF!
Name волен: #REF!
Name вп: #REF!
Name вп: #REF!
Name впырпфдыпл: #REF!
Name впырпфдыпл: #REF!
Name впьглорьтитттттттттт: #REF!
Name впьглорьтитттттттттт: #REF!
Name всввввввввввввввввввввввввв: #REF!
Name всввввввввввввввввввввввввв: #REF!
Name выб: #REF!
Name выб: #REF!
Name выпуск: #REF!
Name выпуск: #REF!
Name выьлепвввввпмп: #REF!
Name выьлепвввввпмп: #REF!
Name еваопродолжэрщэрзшщщх: #REF!
Name еваопродолжэрщэрзшщщх: #REF!
Name измен: #REF!
Name измен: #REF!
Name итого: #REF!
Name итого: #REF!
Name итого: #REF!
Name итого_сантех: #REF!

Sheet 24718
A1: СОГЛАСОВАНО: | E1: ФГУП "Комбинат "Электрохимприбор" | M1: УТВЕРЖДАЮ:
G2: (наименование стройки) | M2: Зам. генерального директора
M3: Е.В.Гордеев
A4: _________________ | M4: _________________
A5: " _____ " ________________ 201_ г. | M5: "______ " __________201_ г.
G6: ЛОКАЛЬНЫЙ СМЕТНЫЙ РАСЧЕТ № 24718
G7: (локальная смета)
C9: на | D9: электроснабжение. Перенос групповых щитков. Площадка 3. Здание 106. Инв.№ 6101000
G10: (наименование работ и затрат, наименование объекта)
D12: Основание: проект № 24423-12-ЭМ
D13: Сметная стоимость _______________________________________________________________________________________________ | J13: ___________________________64,507 | L13: тыс. руб.
D14: строительных работ _______________________________________________________________________________________________ | J14: _______________________________________________________________________________________________0,725 | L14: тыс. руб.
D15: монтажных работ _______________________________________________________________________________________________ | J15: _______________________________________________________________________________________________58,192 | L15: тыс. руб.
D16: оборудования _______________________________________________________________________________________________ | J16: _______________________________________________________________________________________________5,590 | L16: тыс. руб.
D17: Средства на оплату труда _______________________________________________________________________________________________ | J17: ___________________________9,223 | L17: тыс. руб.
D18: Сметная трудоемкость _______________________________________________________________________________________________ | J18: _______________________________________________________________________________________________534,41 | L18: чел.час
D19: Материалы ______________________________________ | K19: =K122/1000 -> 31.279 | L19: тыс.руб.
D20: Составлен(а) в базовых ценах 2001г. в редакции 2009г.
A22: № пп | B22: Обоснова-ние | C22: Наименование | D22: Ед. изм. | E22: Кол. | F22: Стоимость единицы, руб. | J22: Общая стоимость, руб. | O22: Т/з осн. раб.на ед. | P22: Т/з осн. раб. Всего | Q22: Общая масса обору-дования, т
F23: Всего | G23: В том числе | J23: Обору-дование | K23: Всего | L23: В том числе
G24: Осн.З/п | H24: Эк.Маш | I24: З/пМех | L24: Осн.З/п | M24: Эк.Маш | N24: З/пМех
A25: 1 | B25: 2 | C25: 3 | D25: 4 | E25: 5 | F25: 6 | G25: 7 | H25: 8 | I25: 9 | J25: 10 | K25: 11 | L25: 12 | M25: 13 | N25: 14 | O25: 15 | P25: 16 | Q25: 17
A26: Раздел 1. Демонтажные работы
A27: 1 | B27: ТЕРм08-03-526-02 | C27: Демонтаж: автомат одно-, двух-, трехполюсный, устанавливаемый на конструкции на ток до 100 А КОЭФ. К ПОЗИЦИИ: демонтаж ОЗП=0,3; ЭМ=0,3 к расх.; ЗПМ=0,3; МАТ=0 к расх.; ТЗ=0,3; ТЗМ=0,3 | D27: 1 шт. | E27: 50 | F27: 10.69 | G27: 9.33 | H27: 1.36 | I27: 0.05 | K27: 535 | L27: 467 | M27: 68 | N27: 3 | O27: 0.7 | P27: 35
A28: 2 | B28: ТЕРм08-03-573-05 | C28: Демонтаж: шкаф (пульт) управления навесной, высота, ширина и глубина до 900х600х500 мм КОЭФ. К ПОЗИЦИИ: демонтаж ОЗП=0,3; ЭМ=0,3 к расх.; ЗПМ=0,3; МАТ=0 к расх.; ТЗ=0,3; ТЗМ=0,3 | D28: 1 шт. | E28: 1 | F28: 36.65 | G28: 9.93 | H28: 26.72 | I28: 2.02 | K28: 37 | L28: 10 | M28: 27 | N28: 2 | O28: 0.71 | P28: 0.71
A29: 3 | B29: ТЕРр67-3-1 | C29: Демонтаж кабеля | D29: 100 м | E29: 5 | F29: 106.34 | G29: 105.94 | H29: 0.4 | I29: 0.16 | K29: 532 | L29: 530 | M29: 2 | N29: 1 | O29: 9.64 | P29: 48.2
A30: 4 | B30: ТЕРм08-02-144-03 | C30: Отключение зажимов жил проводов или кабелей сечением до 16 мм2 (сущ. групповых щитков) | D30: 100 шт. | E30: 0.28 | F30: 210.08 | G30: 205.96 | K30: 59 | L30: 58 | O30: 15.2 | P30: 4.26
A31: Раздел 2. Монтажные работы
A32: 5 | B32: ТЕРм08-03-573-05 | C32: Шкаф (пульт) управления навесной, высота, ширина и глубина до 900х600х500 мм | D32: 1 шт. | E32: 1 | F32: 126.83 | G32: 33.11 | H32: 89.04 | I32: 6.72 | K32: 127 | L32: 33 | M32: 89 | N32: 7 | O32: 2.37 | P32: 2.37
A33: Шкаф силовой СШ-3 в комплекте:
A34: 6 | B34: цена поставщика | C34: Корпус металлический ПР-1-0 36 УХЛ3 IP31 YKM14-01-31 (Ц:3553,26руб:1,18:4,19) | D34: шт. | E34: 1 | J34: 719 | K34: 719
A35: 7 | B35: цена поставщика | C35: Авт. выкл. ВА88-35 3Р 250А 35кА ИЭК SVA30-3-0250 (Ц:3608,98руб:1,18:4,19) | D35: шт. | E35: 1 | J35: 550 | K35: 550
A36: 8 | B36: ТЕРм08-03-526-03 | C36: Автомат одно-, двух-, трехполюсный, устанавливаемый на конструкции на ток до 250 А | D36: 1 шт. | E36: 1 | F36: 243.6 | G36: 40.27 | H36: 4.58 | I36: 0.18 | K36: 244 | L36: 40 | M36: 5 | O36: 2.76 | P36: 2.76
A37: 9 | B37: цена поставщика | C37: Авт. выкл. ВА 47-100 3Р 100А 10 кА х-ка С ИЭК MVA40-3-100-C (Ц:808,89руб:1,18:4,19) | D37: шт. | E37: 2 | J37: 327 | K37: 327
A38: 10 | B38: цена поставщика | C38: Авт. выкл. ВА 47-100 3Р 80А 10 кА х-ка С ИЭК MVA40-3-080-C (Ц:808,89руб:1,18:4,19) | D38: шт. | E38: 1 | J38: 164 | K38: 164
A39: 11 | B39: цена поставщика | C39: Авт. выкл. ВА 47-100 3Р 63А 10 кА х-ка С ИЭК MVA40-3-063-C (Ц:808,89руб:1,18:4,19) | D39: шт. | E39: 4 | J39: 654 | K39: 654
A40: 12 | B40: цена поставщика | C40: Авт. выкл. ВА 47-100 3Р 40А 10 кА х-ка С ИЭК MVA40-3-040-C (Ц:845,43руб:1,18:4,19) | D40: шт. | E40: 1 | J40: 171 | K40: 171
A41: 13 | B41: ТЕРм08-03-526-02 | C41: Автомат одно-, двух-, трехполюсный, устанавливаемый на конструкции на ток до 100 А | D41: 1 шт. | E41: 8 | F41: 215.9 | G41: 31.09 | H41: 4.53 | I41: 0.18 | K41: 1727 | L41: 249 | M41: 36 | N41: 1 | O41: 2.32 | P41: 18.56
A42: 14 | B42: цена поставщика | C42: Авт. выкл. ВА 47-100 3Р 25А 10 кА х-ка С ИЭК MVA40-3-025-C (Ц:845,43руб:1,18:4,19) | D42: шт. | E42: 1 | J42: 171 | K42: 171
A43: 15 | B43: ТЕРм08-03-526-01 | C43: Автомат одно-, двух-, трехполюсный, устанавливаемый на конструкции на ток до 25 А | D43: 1 шт. | E43: 1 | F43: 174.77 | G43: 20.9 | H43: 1.28 | K43: 175 | L43: 21 | M43: 1 | O43: 1.56 | P43: 1.56
A44: 16 | B44: ТЕРм08-03-573-04 | C44: Шкаф (пульт) управления навесной, высота, ширина и глубина до 600х600х350 мм | D44: 1 шт. | E44: 1 | F44: 99.26 | G44: 33.11 | H44: 62.05 | I44: 4.71 | K44: 99 | L44: 33 | M44: 62 | N44: 5 | O44: 2.37 | P44: 2.37
A45: Шкаф силовой ЩР-15 в комплекте:
A46: 17 | B46: цена поставщика | C46: Корпус металлический ЩРн-24з-1 36 УХЛ3 IP31 MKM14-N-24-31-Z (Ц:914,83руб:1,18:4,19) | D46: шт. | E46: 1 | J46: 185 | K46: 185
A47: 18 | B47: цена поставщика | C47: Авт. выкл. ВА47-29 3Р 32А 4,5кА х-ка С ИЭК MVA20-3-032-C (Ц:164.37руб:1,18:4,19) | D47: шт. | E47: 1 | J47: 33 | K47: 33
A48: 19 | B48: ТЕРм08-03-526-02 | C48: Автомат одно-, двух-, трехполюсный, устанавливаемый на конструкции на ток до 100 А | D48: 1 шт. | E48: 1 | F48: 215.9 | G48: 31.09 | H48: 4.53 | I48: 0.18 | K48: 216 | L48: 31 | M48: 5 | O48: 2.32 | P48: 2.32
A49: 20 | B49: цена поставщика | C49: Авт. выкл. ВА47-29 3Р 16А 4,5кА х-ка С ИЭК MVA20-3-016-C (Ц:164.37руб:1,18:4,19) | D49: шт. | E49: 6 | J49: 200 | K49: 200
A50: 21 | B50: цена поставщика | C50: Авт. выкл. ВА47-29 1Р 16А 4,5кА х-ка С ИЭК MVA20-1-016-C (Ц:54.78руб:1,18:4,19) | D50: шт. | E50: 3 | J50: 33 | K50: 33
A51: 22 | B51: ТЕРм08-03-526-01 | C51: Автомат одно-, двух-, трехполюсный, устанавливаемый на конструкции на ток до 25 А | D51: 1 шт. | E51: 9 | F51: 174.77 | G51: 20.9 | H51: 1.28 | K51: 1573 | L51: 188 | M51: 12 | O51: 1.56 | P51: 14.04
A52: 23 | B52: ТЕРм08-03-573-04 | C52: Шкаф (пульт) управления навесной, высота, ширина и глубина до 600х600х350 мм | D52: 1 шт. | E52: 1 | F52: 99.26 | G52: 33.11 | H52: 62.05 | I52: 4.71 | K52: 99 | L52: 33 | M52: 62 | N52: 5 | O52: 2.37 | P52: 2.37
A53: Шкаф силовой ЩР-16 в комплекте:
A54: 24 | B54: цена поставщика | C54: Корпус металлический ЩРн-24з-1 36 УХЛ3 IP31 MKM14-N-24-31-Z (Ц:914,83руб:1,18:4,19) | D54: шт. | E54: 1 | J54: 185 | K54: 185
A55: 25 | B55: цена поставщика | C55: Авт. выкл. ВА47-29 3Р 50А 4,5кА х-ка С ИЭК MVA20-3-050-C (Ц:164.37руб:1,18:4,19) | D55: шт. | E55: 1 | J55: 33 | K55: 33
A56: 26 | B56: ТЕРм08-03-526-02 | C56: Автомат одно-, двух-, трехполюсный, устанавливаемый на конструкции на ток до 100 А | D56: 1 шт. | E56: 1 | F56: 215.9 | G56: 31.09 | H56: 4.53 | I56: 0.18 | K56: 216 | L56: 31 | M56: 5 | O56: 2.32 | P56: 2.32
A57: 27 | B57: цена поставщика | C57: Авт. выкл. ВА47-29 3Р 16А 4,5кА х-ка С ИЭК MVA20-3-016-C (Ц:164.37руб:1,18:4,19) | D57: шт. | E57: 5 | J57: 166 | K57: 166
A58: 28 | B58: цена поставщика | C58: Авт. выкл. ВА47-29 1Р 20А 4,5кА х-ка С ИЭК MVA20-1-020-C (Ц:54.78руб:1,18:4,19) | D58: шт. | E58: 1 | J58: 11 | K58: 11
A59: 29 | B59: цена поставщика | C59: Авт. выкл. ВА47-29 1Р 25А 4,5кА х-ка С ИЭК MVA20-1-025-C (Ц:54.78руб:1,18:4,19) | D59: шт. | E59: 1 | J59: 11 | K59: 11
A60: 30 | B60: ТЕРм08-03-526-01 | C60: Автомат одно-, двух-, трехполюсный, устанавливаемый на конструкции на ток до 25 А | D60: 1 шт. | E60: 7 | F60: 174.77 | G60: 20.9 | H60: 1.28 | K60: 1223 | L60: 146 | M60: 9 | O60: 1.56 | P60: 10.92
A61: 31 | B61: ТЕРм08-03-573-04 | C61: Шкаф (пульт) управления навесной, высота, ширина и глубина до 600х600х350 мм | D61: 1 шт. | E61: 1 | F61: 99.26 | G61: 33.11 | H61: 62.05 | I61: 4.71 | K61: 99 | L61: 33 | M61: 62 | N61: 5 | O61: 2.37 | P61: 2.37
A62: 32 | B62: цена поставщика | C62: Корпус металлический ЩРн-36з-1 36 УХЛ3 IP31 MKM14-N-36-31-Z (Ц:1323,88руб:1,18:4,19) | D62: шт. | E62: 1 | J62: 268 | K62: 268
A63: Шкаф силовой ЩР-17 в комплекте:
A64: 33 | B64: цена поставщика | C64: Авт. выкл. ВА 47-100 3Р 80А 10 кА х-ка С ИЭК MVA40-3-080-C (Ц:808,89руб:1,18:4,19) | D64: шт. | E64: 1 | J64: 164 | K64: 164
A65: 34 | B65: цена поставщика | C65: Авт. выкл. ВА 47-100 3Р 32А 10 кА х-ка С ИЭК MVA40-3-032-C (Ц:845,43руб:1,18:4,19) | D65: шт. | E65: 1 | J65: 171 | K65: 171
A66: 35 | B66: ТЕРм08-03-526-02 | C66: Автомат одно-, двух-, трехполюсный, устанавливаемый на конструкции на ток до 100 А | D66: 1 шт. | E66: 2 | F66: 215.9 | G66: 31.09 | H66: 4.53 | I66: 0.18 | K66: 432 | L66: 62 | M66: 9 | O66: 2.32 | P66: 4.64
A67: 36 | B67: цена поставщика | C67: Авт. выкл. ВА47-29 3Р 25 4,5кА х-ка С ИЭК MVA20-3-025-C (Ц:164.37руб:1,18:4,19) | D67: шт. | E67: 3 | J67: 100 | K67: 100
A68: 37 | B68: цена поставщика | C68: Авт. выкл. ВА47-29 3Р 20 4,5кА х-ка С ИЭК MVA20-3-020-C (Ц:164.37руб:1,18:4,19) | D68: шт. | E68: 2 | J68: 67 | K68: 67
A69: 38 | B69: цена поставщика | C69: Авт. выкл. ВА47-29 3Р 16А 4,5кА х-ка С ИЭК MVA20-3-016-C (Ц:164.37руб:1,18:4,19) | D69: шт. | E69: 3 | J69: 100 | K69: 100
A70: 39 | B70: цена поставщика | C70: Авт. выкл. ВА47-29 1Р 20А 4,5кА х-ка С ИЭК MVA20-1-020-C (Ц:54.78руб:1,18:4,19) | D70: шт. | E70: 2 | J70: 22 | K70: 22
A71: 40 | B71: цена поставщика | C71: Авт. выкл. ВА47-29 1Р 16А 4,5кА х-ка С ИЭК MVA20-1-016-C (Ц:54.78руб:1,18:4,19) | D71: шт. | E71: 1 | J71: 11 | K71: 11
A72: 41 | B72: ТЕРм08-03-526-01 | C72: Автомат одно-, двух-, трехполюсный, устанавливаемый на конструкции на ток до 25 А | D72: 1 шт. | E72: 11 | F72: 174.77 | G72: 20.9 | H72: 1.28 | K72: 1922 | L72: 230 | M72: 14 | O72: 1.56 | P72: 17.16
A73: Шкаф силовой ЩР-18 в комплекте:
A74: 43 | B74: цена поставщика | C74: Корпус металлический ЩРн-48з-1 36 УХЛ3 IP31 MKM14-N-48-31-Z (Ц:1989,48руб:1,18:4,19) | D74: шт. | E74: 1 | J74: 402 | K74: 402
A75: 44 | B75: цена поставщика | C75: Авт. выкл. ВА47-29 3Р 50А 4,5кА х-ка С ИЭК MVA20-3-050-C (Ц:164.37руб:1,18:4,19) | D75: шт. | E75: 1 | J75: 33 | K75: 33
A76: 45 | B76: ТЕРм08-03-526-02 | C76: Автомат одно-, двух-, трехполюсный, устанавливаемый на конструкции на ток до 100 А | D76: 1 шт. | E76: 1 | F76: 215.9 | G76: 31.09 | H76: 4.53 | I76: 0.18 | K76: 216 | L76: 31 | M76: 5 | O76: 2.32 | P76: 2.32
A77: 46 | B77: цена поставщика | C77: Авт. выкл. ВА47-29 3Р 25 4,5кА х-ка С ИЭК MVA20-3-025-C (Ц:164.37руб:1,18:4,19) | D77: шт. | E77: 6 | J77: 200 | K77: 200
A78: 47 | B78: цена поставщика | C78: Авт. выкл. ВА47-29 3Р 20 4,5кА х-ка С ИЭК MVA20-3-020-C (Ц:164.37руб:1,18:4,19) | D78: шт. | E78: 2 | J78: 67 | K78: 67
A79: 48 | B79: цена поставщика | C79: Авт. выкл. ВА47-29 3Р 16А 4,5кА х-ка С ИЭК MVA20-3-016-C (Ц:164.37руб:1,18:4,19) | D79: шт. | E79: 4 | J79: 133 | K79: 133
A80: 49 | B80: цена поставщика | C80: Авт. выкл. ВА47-29 1Р 20А 4,5кА х-ка С ИЭК MVA20-1-020-C (Ц:54.78руб:1,18:4,19) | D80: шт. | E80: 1 | J80: 11 | K80: 11
A81: 50 | B81: ТЕРм08-03-526-01 | C81: Автомат одно-, двух-, трехполюсный, устанавливаемый на конструкции на ток до 25 А | D81: 1 шт. | E81: 13 | F81: 174.77 | G81: 20.9 | H81: 1.28 | K81: 2272 | L81: 272 | M81: 17 | O81: 1.56 | P81: 20.28
A82: Кабельные проводки
A83: 51 | B83: ТСЦ-501-8274 | C83: Кабель силовой с медными жилами с поливинилхлоридной изоляцией в поливинилхлоридной оболочке без защитного покрова ВВГ, напряжением 1,00 Кв, число жил 5 и сечением 25 мм2 | D83: 1000 м | E83: 0.0204 | F83: 146084.01 | K83: 2980
A84: 52 | B84: ТСЦ-501-8214 | C84: Кабель силовой с медными жилами с поливинилхлоридной изоляцией в поливинилхлоридной оболочке без защитного покрова ВВГ, напряжением 0,66 Кв, число жил 5 и сечением 16 мм2 | D84: 1000 м | E84: 0.0306 | F84: 92019.99 | K84: 2816
A85: 53 | B85: ТСЦ-501-8212 | C85: Кабель силовой с медными жилами с поливинилхлоридной изоляцией в поливинилхлоридной оболочке без защитного покрова ВВГ, напряжением 0,66 Кв, число жил 5 и сечением 6,0 мм2 | D85: 1000 м | E85: 0.051 | F85: 31991 | K85: 1632
A86: 54 | B86: ТСЦ-501-8210 | C86: Кабель силовой с медными жилами с поливинилхлоридной изоляцией в поливинилхлоридной оболочке без защитного покрова ВВГ, напряжением 0,66 Кв, число жил 5 и сечением 2,5 мм2 | D86: 1000 м | E86: 0.3162 | F86: 16109 | K86: 5094
A87: 55 | B87: ТСЦ-501-8191 | C87: Кабель силовой с медными жилами с поливинилхлоридной изоляцией в поливинилхлоридной оболочке без защитного покрова ВВГ, напряжением 0,66 Кв, число жил 3 и сечением 2,5 мм2 | D87: 1000 м | E87: 0.051 | F87: 10382 | K87: 529
A88: 56 | B88: ТЕРм08-02-401-01 | C88: Кабель двух-четырехжильный сечением жилы до 16 мм2 с креплением накладными скобами, полосками с установкой ответвительных коробок ВВГнг 5х2,5мм2; ВВГнг 3х2,5мм2 КОЭФ. К ПОЗИЦИИ: 1.8.3.ОП При производстве работ на высоте свыше расстояний, указанных в вводных указаниях к разделам сборника: при высоте свыше 2 до 8 м ОЗП=1,05; ТЗ=1,05 | D88: 100 м | E88: 2.75 | F88: 4067.05 | G88: 717.89 | H88: 957.86 | I88: 390.47 | K88: 11184 | L88: 1974 | M88: 2634 | N88: 1074 | O88: 54.18 | P88: 149
A89: 57 | B89: ТЕРм08-02-401-01 | C89: Кабель двух-четырехжильный сечением жилы до 16 мм2 с креплением накладными скобами, полосками с установкой ответвительных коробок ВВГнг 5х6мм2 КОЭФ. К ПОЗИЦИИ: 1.8.3.ОП При производстве работ на высоте свыше расстояний, указанных в вводных указаниях к разделам сборника: при высоте свыше 2 до 8 м ОЗП=1,05; ТЗ=1,05 | D89: 100 м | E89: 0.31 | F89: 4067.05 | G89: 717.89 | H89: 957.86 | I89: 390.47 | K89: 1261 | L89: 223 | M89: 297 | N89: 121 | O89: 54.18 | P89: 16.8
A90: 58 | B90: ТЕРм08-02-401-01 | C90: Кабель двух-четырехжильный сечением жилы до 16 мм2 с креплением накладными скобами, полосками с установкой ответвительных коробок ВВГнг 5х16мм2 КОЭФ. К ПОЗИЦИИ: 1.8.3.ОП При производстве работ на высоте свыше расстояний, указанных в вводных указаниях к разделам сборника: при высоте свыше 2 до 8 м ОЗП=1,05; ТЗ=1,05 | D90: 100 м | E90: 0.23 | F90: 4067.05 | G90: 717.89 | H90: 957.86 | I90: 390.47 | K90: 935 | L90: 165 | M90: 220 | N90: 90 | O90: 54.18 | P90: 12.46
A91: 59 | B91: ТЕРм08-02-146-03 | C91: Кабель до 35 кВ с креплением накладными скобами, масса 1 м кабеля до 2 кг ВВГнг 5х25мм2 КОЭФ. К ПОЗИЦИИ: 1.8.3.ОП При производстве работ на высоте свыше расстояний, указанных в вводных указаниях к разделам сборника: при высоте свыше 2 до 8 м ОЗП=1,05; ТЗ=1,05 | D91: 100 м кабеля | E91: 0.12 | F91: 3364.66 | G91: 274.6 | H91: 1752.22 | I91: 195.89 | K91: 404 | L91: 33 | M91: 210 | N91: 24 | O91: 20.27 | P91: 2.43
A92: 60 | B92: ТЕРм08-02-412-03 | C92: Затягивание провода в проложенные трубы и металлические рукава первого одножильного или многожильного в общей оплетке, суммарное сечение до 16 мм2 | D92: 100 м | E92: 0.89 | F92: 730.59 | G92: 104.15 | H92: 11.69 | I92: 0.73 | K92: 650 | L92: 93 | M92: 10 | N92: 1 | O92: 7.86 | P92: 7
A93: 61 | B93: ТЕРм08-02-472-06 | C93: Проводник заземляющий открыто по строительным основаниям из полосовой стали сечением 100 мм2 | D93: 100 м | E93: 0.55 | F93: 1351.39 | G93: 251.75 | H93: 85.67 | I93: 3.46 | K93: 743 | L93: 138 | M93: 47 | N93: 2 | O93: 19 | P93: 10.45
A94: 62 | B94: ТЕР46-03-009-07 | C94: Пробивка в кирпичных стенах отверстий круглых диаметром до 50 мм при толщине стен до 38 см | D94: 100 шт. | E94: 0.08 | F94: 3944.42 | G94: 967.91 | H94: 2976.51 | I94: 329.74 | K94: 316 | L94: 77 | M94: 239 | N94: 26 | O94: 74.8 | P94: 5.98
A95: 63 | B95: ТЕРм08-02-407-08 | C95: Труба стальная по установленным конструкциям, в готовых бороздах, по основанию пола, диаметр до 50 мм | D95: 100 м | E95: 0.1 | F95: 1871.12 | G95: 376.3 | H95: 304.07 | I95: 16.56 | K95: 187 | L95: 38 | M95: 30 | N95: 2 | O95: 28.4 | P95: 2.84
A96: 64 | B96: ТЕРр69-4-1 | C96: Заделка отверстий в местах прохода трубопроводов в стенах и перегородках оштукатуренных | D96: 100 отверстий | E96: 0.08 | F96: 1343.1 | G96: 944.71 | H96: 2.02 | I96: 0.78 | K96: 107 | L96: 76 | O96: 78.66 | P96: 6.29
A97: 65 | B97: ТЕРм08-02-155-01 | C97: Герметизация проходов при вводе кабелей во взрывоопасные помещения уплотнительной массой | D97: 1 проход кабеля | E97: 8 | F97: 22.58 | G97: 6.37 | K97: 181 | L97: 51 | O97: 0.47 | P97: 3.76
A98: Итого прямые затраты по смете в ценах 2001г. | K98: 46184 | L98: 5366 | M98: 4177 | N98: 1369 | P98: 411.54
A99: Итого прямые затраты по смете с учетом коэффициентов к итогам | K99: 49808 | L99: 7305 | M99: 5634 | N99: 1918 | P99: 534.41
A100: В том числе, справочно:
A101: Районный к-т 4,3% (Поз. 62, 64, 1-2, 4-5, 8, 13, 15-16, 19, 22-23, 26, 30-31, 35, 41-42, 45, 50, 56-61, 63, 65, 3) | K101: 289 | L101: 231 | M101: 59 | N101: 59
A102: Транспортные расходы на оборудование - согласно п.4.60 из МДС 81-35.2004 ПЗ=1,03 (ОЗП=1,03; ЭМ=1,03; МАТ=1,03) (Поз. 6-7, 17, 24, 32, 43, 9-12, 14, 18, 20-21, 25, 27-29, 33-34, 36-40, 44, 46-49) | K102: 161
A103: Заготовительно-складские расходы на оборудование - согласно п.4.64 из МДС 81-35.2004 ПЗ=1,012 (ОЗП=1,012; ЭМ=1,012; МАТ=1,012) (Поз. 6-7, 17, 24, 32, 43, 9-12, 14, 18, 20-21, 25, 27-29, 33-34, 36-40, 44, 46-49) | K103: 67
...

Sheet НМЦ
A1: г. Лесной ФГУП "Комбинат "Электрохимприбор"
A3: Расчет начальной (максимальной) цены
A5: Выполнение строительно-монтажных работ
A6: по переносу групповых щитков в здании 106 производство 518
A7: на ФГУП «Комбинат «Электрохимприбор»
A10: Составлен в ценах по состоянию на 01.01.2000 г. с переводом в текущие | D10: руб.
A11: Наименование глав ССР, объектных сметных расчетов, локальных сметных расчетов, видов работ | B11: Сметная стоимость в базисных ценах на 01.01.2000 | C11: Текущая стоимость на момент определения начальной (максимальной) цены | D11: № обосновывающего расчета
A15: 1 | B15: 2 | C15: 3 | D15: 4
A16: Электроснабжение. Перенос групповых щитков. Площадка 3. Здание 106. Инв.№ 6101000 | B16: ='Сводка затрат'!H13 -> 64507 | C16: ='Сводка затрат'!H15 -> 351001 | D16: 24718
A17: Итого | B17: =SUM(B16:B16) -> 64507 | C17: =SUM(C16:C16) -> 351001
A19: НДС 18% | C19: =ROUND(C17*18%,2) -> 63180.18
A21: Всего | C21: =SUM(C17:C20) -> 414181.18
A24: Начальник отдела
A25: капитального строительства | C25: В.В. Моляков
A27: Инженер по проектно-сметной работе | C27: Т.Ш. Ковязина
A30: Согласовано | C30: отдел 028

Sheet Сводка затрат
A1: Приложение №__ к договору от "__"______2013 №_______
A3: г. Лесной. ФГУП "Комбинат "Электрохимприбор"
A5: Сводка затрат
A7: Выполнение строительно-монтажных работ по переносу групповых щитков в здании 106 производство 518 на ФГУП «Комбинат «Электрохимприбор»
A9: Составлен в ценах по состоянию на 01.01.2000 г.
A10: № п/п | B10: Номера сметных расчетов и смет | C10: Наименование работ и затрат | D10: Сметная стоимость | H10: Общая сметная стоимость, руб.
D11: строительных работ | E11: монтажных работ | F11: оборудования, мебели, инвентаря | G11: прочих затрат
A12: 1 | B12: 2 | C12: 3 | D12: 4 | E12: 5 | F12: 6 | G12: 7 | H12: 8
A13: 1 | B13: 24718 | C13: Электроснабжение. Перенос групповых щитков. Площадка 3. Здание 106. Инв.№ 6101000 | D13: ='24718'!K117 -> 725 | E13: ='24718'!K118 -> 58192 | F13: ='24718'!K119 -> 5590 | G13: 0 | H13: =SUM(D13:G13) -> 64507
C14: Итого в базисных ценах 2001 г. | D14: =SUM(D13:D13) -> 725 | E14: =SUM(E13:E13) -> 58192 | F14: =SUM(F13:F13) -> 5590 | G14: =SUM(G13:G13) -> 0 | H14: =SUM(D14:G14) -> 64507
C15: Всего в ценах 2013 (Ксмр=5,56, Коб.=4,19) | D15: =ROUND(D14*5.56,0) -> 4031 | E15: =ROUND(E14*5.56,0) -> 323548 | F15: =ROUND(F14*4.19,0) -> 23422 | G15: =ROUND(G14*9.32,0) -> 0 | H15: =SUM(D15:G15) -> 351001
C16: НДС 18% | D16: =ROUND(D15*18%,2) -> 725.58 | E16: =ROUND(E15*18%,2) -> 58238.64 | F16: =ROUND(F15*18%,2) -> 4215.96 | G16: =ROUND(G15*18%,2) -> 0 | H16: =SUM(D16:G16) -> 63180.18
C17: Всего в ценах 2012 с НДС | D17: =SUM(D15:D16) -> 4756.58 | E17: =SUM(E15:E16) -> 381786.64 | F17: =SUM(F15:F16) -> 27637.96 | G17: =SUM(G15:G16) -> 0 | H17: =SUM(D17:G17) -> 414181.18
C20: ЗАКАЗЧИК: | G20: ПОДРЯДЧИК:
